 Dungeon Crawl Stone Soup version 0.17.2-1-ge4368a0 (webtiles) character file.

271 ololoev the Cleaver (level 6, -2/48 HPs)
             Began as a Demonspawn Fighter on Oct 25, 2016.
             Slain by an ogre
             ... wielding a +0 giant spiked club
              (19 damage)
             ... on level 5 of the Dungeon.
             The game lasted 00:03:36 (719 turns).

ololoev the Cleaver (Demonspawn Fighter)             Turns: 719, Time: 00:03:36

Health: -2/48      AC: 13    Str: 19    XL:     6   Next: 2%
Magic:  6/6        EV:  7    Int:  9    God:
Gold:   79         SH:  0    Dex: 12    Spells: 0 memorised, 5 levels left

rFire  . . .     SeeInvis .     a - +0 war axe
rCold  . . .     Clarity  .     h - +0 chain mail
rNeg   . . .     SustAt   .     (no shield)
rPois  .         Gourm    .     (no helmet)
rElec  .         Spirit   .     (no cloak)
rCorr  .         Warding  .     d - +0 pair of gloves
rMut   .         Stasis   .     (no boots)
MR     .....                    (no amulet)
Stlth  ..........               (no ring)
                                (no ring)

@: not resistant to hostile enchantments, extremely unstealthy
A: yellow scales 2, rot immunity
a: no special abilities


Innate Abilities, Weirdness & Mutations

You are mostly covered in yellow scales (AC +3).
You are immune to rotting.

Inventory:

Hand Weapons
 a - a +0 war axe (weapon)
Armour
 d - a +0 pair of gloves (worn)
 h - a +0 chain mail (worn)
Jewellery
 b - an uncursed ring of ice {unknown}
Scrolls
 f - 2 scrolls of recharging {unknown}
 g - a scroll of remove curse {unknown}
 k - a scroll of enchant weapon {unknown}
Comestibles
 c - 2 slices of pizza
 e - 4 bread rations


   Skills:
 + Level 3.9 Fighting
 * Level 10.1 Axes
 + Level 3.4 Armour
   Level 2.6 Shields


You had 5 spell levels left.
You didn't know any spells.


You were on level 5 of the Dungeon.
You were not hungry.

You visited 1 branch of the dungeon, and saw 5 of its levels.

You collected 79 gold pieces.

.. #.#####
#.# #.#
#.# #.#
#.# #.#
..######.#
......O@.#
.#########

Notes
Turn   | Place    | Note
--------------------------------------------------------------
     0 | D:1      | ololoev the Demonspawn Fighter began the quest for the Orb.
     0 | D:1      | Reached XP level 1. HP: 18/18 MP: 1/1
   349 | D:2      | Gained mutation: You are immune to rotting. [demonic ancestry]
   349 | D:2      | Reached XP level 2. HP: 20/24 MP: 2/2
   374 | D:3      | Gained mutation: You are partially covered in yellow scales (AC +2). [demonic ancestry]
   374 | D:3      | Reached XP level 3. HP: 13/29 MP: 3/3
   579 | D:5      | Entered Level 5 of the Dungeon
   588 | D:5      | Found a sparkling altar of Nemelex Xobeh.
   629 | D:5      | Noticed Sigmund
   631 | D:5      | Reached skill level 9 in Axes
   631 | D:5      | Reached XP level 4. HP: 31/36 MP: 4/4
   654 | D:5      | Killed Sigmund
   654 | D:5      | Reached skill level 10 in Axes
   654 | D:5      | Reached XP level 5. HP: 3/42 MP: 5/5
   654 | D:5      | Gained mutation: You are mostly covered in yellow scales (AC +3). [demonic ancestry]
   654 | D:5      | Reached XP level 6. HP: 3/48 MP: 6/6
   717 | D:5      | Noticed an ogre
   719 | D:5      | Slain by an ogre

Dungeon Overview and Level Annotations

Branches:
Dungeon (5/15)
 Temple: D:4-7

Altars:
Nemelex Xobeh


Message History

You swing at nothing.
You swing at nothing.
You swing at nothing.
You swing at nothing.
You swing at nothing.
You swing at nothing.
You swing at nothing.
You swing at nothing.
You swing at nothing.
You swing at nothing.
You swing at nothing.
You swing at nothing.
You swing at nothing.
You swing at nothing.
You swing at nothing.
You swing at nothing.
You swing at nothing.
You swing at nothing.
You swing at nothing.
You swing at nothing.
You swing at nothing.
You swing at nothing.
You swing at nothing.
You swing at nothing.
You swing at nothing.
You swing at nothing.
You swing at nothing.
You swing at nothing.
You swing at nothing.
You swing at nothing.
You swing at nothing.
You swing at nothing.
You swing at nothing.
a - a +0 war axe (weapon)
An ogre comes into view. It is wielding a giant spiked club.
The ogre shouts!
You slash the ogre!
The ogre is heavily wounded.
The ogre hits you with a giant spiked club!!
You die...

You could see an ogre.

Vanquished Creatures
  Sigmund (D:5)
  An adder (D:2)
  3 gnolls (D:3)
  A giant gecko (D:2)
  3 orcs (D:4)
  A ball python (D:5)
  2 goblins
  A jackal skeleton (D:4)
  A kobold (D:2)
  A rat (D:3)
15 creatures vanquished.

Action                   |  1- 3 |  4- 6 || total
-------------------------+-------+-------++-------
Melee: War axe           |    42 |    15 ||    57
  Use: Potion            |     3 |     1 ||     4

Vault maps used:
D:1:      zelgadis_glass_arrival_large
D:2:      gammafunk_temple_overflow_elements, nicolae_ru_the_path_less_chosen,
          uniq_terence
D:3:      lemuel_zombie_altar_yredelemnul, minmay_misc_feat_secret_circle,
          roderic_cross_of_infinity, minmay_misc_feat_five, minmay_rat_hole
D:4:      grunt_dithmenos_shadows, first_bread, tgw_kikubaaqudgha
D:5:      nicolae_overflow_hidden_temple, temple_green, nemelex_deck,
          uniq_edmund, uniq_pikel, uniq_sigmund
